 Dungeon Crawl Stone Soup version 0.31-a0-358-gac0dbeb3ab (webtiles) character file.

Game seed: 10192006830664727757

14431 MacCMillion the Grappler (level 12, -8/97 HPs)
             Began as a Merfolk Shapeshifter on July 26, 2023.
             Was an Elder of Wu Jian.
             Mangled by a catoblepas (10 damage)
             ... on level 1 of the Lair of Beasts.
             The game lasted 00:23:53 (15232 turns).

MacCMillion the Grappler (Merfolk Shapeshifter)    Turns: 15232, Time: 00:23:54

Health: -8/97      AC:  8    Str: 27    XL:     12   Next: 16%
Magic:  12/12      EV: 14    Int:  7    God:    Wu Jian [****..]
Gold:   1198       SH:  0    Dex: 14    Spells: 11/11 levels left

rFire   . .          .
                       - Unarmed
rCold   + . .        (no shield)
rNeg    . . .        h - +0 chain mail
rPois   .            (helmet currently unavailable)
rElec   .            (cloak currently unavailable)
rCorr   .            (gloves currently unavailable)
SInv    .            (boots currently unavailable)
Will    .....        (no amulet) Stlth
                     t - ring of protection from cold
HPRegen 0.36/turn    A - +6 ring of strength
MPRegen 0.13/turn

%: no passive effects
@: about to teleport, beast-form
A: beast (slay +5), (nimble swimmer 2), mertail
a: Begin Untransformation, Renounce Religion, Wall Jump, Serpent's Lash


You were on level 1 of the Lair of Beasts.
You worshipped Wu Jian.
Wu Jian was greatly pleased with you.
You were a hulking beast.
You visited 3 branches of the dungeon, and saw 13 of its levels.

You collected 1198 gold pieces.

Inventory:

Missiles
 o - 49 poisoned darts
 x - a curare-tipped dart
Armour
 a - a +0 animal skin
 h - a +0 chain mail (worn)
 D - a +0 ring mail
 M - +0 acid dragon scales
Jewellery
 e - a ring of fire
 t - a ring of protection from cold (left hand)
 y - an amulet of faith
 A - a +6 ring of strength (right hand)
 C - a ring of ice
 E - an amulet of magic regeneration
 I - a ring of flight
Talismans
 c - a beast talisman
 u - a talisman of death
 P - a blade talisman
Wands
 n - a wand of digging (9)
 q - a wand of charming (7)
 G - a wand of acid (9)
 N - a wand of mindburst (6)
Scrolls
 f - 2 scrolls of fog
 i - 3 scrolls of amnesia
 m - a scroll of torment {unknown}
 s - 3 scrolls of immolation
 v - 2 scrolls of brand weapon
 w - 2 scrolls of poison
 z - 3 scrolls of teleportation
 B - 2 scrolls of enchant armour {unknown}
 F - 2 scrolls of vulnerability {unknown}
 J - a scroll of blinking {unknown}
 K - a scroll of enchant weapon {unknown}
 O - a scroll of fear {unknown}
 R - a scroll of identify
Potions
 b - 3 potions of lignification
 d - 4 potions of haste
 g - 4 potions of attraction
 j - a potion of heal wounds
 k - a potion of enlightenment {unknown}
 l - 7 potions of curing
 p - a potion of resistance {unknown}
 r - a potion of cancellation {unknown}
 H - 2 potions of degeneration
 L - 2 potions of invisibility {unknown}
 Q - 2 potions of mutation {unknown}


   Skills:
 - Level 10.0 Fighting
 + Level 13.1 Dodging
 - Level 14.0 Unarmed Combat
 + Level 8.2 Shapeshifting


You had 11 spell levels left.
You didn't know any spells.
Your spell library contained the following spells:

 Spells                   Type           Power      Damage    Failure   Level
 Foxfire                  Conj/Fire      0%         2x1d4     94%         1
 Freeze                   Ice            0%         1d3       94%         1
 Necrotise                Necr           0%         1d4       94%         1
 Blink                    Tloc           0%         N/A       98%         2
 Lesser Beckoning         Tloc           0%         N/A       98%         2
 Momentum Strike          Conj/Tloc      0%         3d8       98%         2
 Frozen Ramparts          Ice            0%         1d1       100%        3
 Hailstorm                Conj/Ice       0%         3d3       100%        3
 Inner Flame              Hex/Fire       0%         N/A       100%        3
 Ozocubu's Armour         Ice            0%         N/A       100%        3
 Vampiric Draining        Necr           0%         2d6       100%        3
 Volatile Blastmotes      Fire/Tloc      0%         2d10      100%        3
 Flame Wave               Conj/Fire      0%         2d4       100%        4
 Fulminant Prism          Conj/Hex       0%         3d5       100%        4
 Iskenderun's Mystic Bla  Conj/Tloc      0%         2d3       100%        4
 Sticky Flame             Conj/Fire      0%         2d3       100%        4
 Agony                    Necr           0%         N/A       100%        5
 Plasma Beam              Fire/Air       0%         2x1d10    100%        6
 Starburst                Conj/Fire      0%         6d3       100%        6
 Ozocubu's Refrigeration  Ice            0%         4d7       100%        7


Dungeon Overview and Level Annotations

Branches:
Dungeon (11/15)            Temple (1/1) D:4            Lair (1/5) D:11
    Orc (0/2) D:9

Altars:
Ashenzari
Cheibriados
Dithmenos
Elyvilon
Fedhas
Gozag
Hepliaklqana
Kikubaaqudgha
Makhleb
Nemelex Xobeh
Okawaru
Qazlal
Ru
Sif Muna
Trog
Uskayaw
Vehumet
Wu Jian
Xom
Yredelemnul
Zin
The Shining One

Shops:
D:1 ([[


Innate Abilities, Weirdness & Mutations

You are a hulking beast.
Your limbs bulge with bestial killing power. (Slay +5)
((You are very nimble when in or above water. (Stealth+, EV+, Speed+++)))
Your lower body shifts to a powerful aquatic tail in water.


Message History

A yak comes into view.
You pummel the catoblepas!!
The catoblepas is moderately wounded.
An electric eel comes into view.
The catoblepas gores you!
Your legs become a tail as you enter the water.
You spin to attack the catoblepas, but your attack speed is too slow for a blow to land.
The catoblepas gores you.
A yak comes into view.
The electric eel shoots out a bolt of lightning at you!
The bolt of electricity hits the plant!
The plant begins to die.
The bolt of electricity hits you!
You barely miss the catoblepas.
The catoblepas is moderately wounded.
The yak bellows!
The catoblepas completely misses you. The yak barely misses you.
You hit the catoblepas but do no damage.
The catoblepas is moderately wounded.
Unknown command.
As you read the scroll labelled PIXETU QEATHIPS, it crumbles to dust.
You feel strangely unstable.
It was a scroll of teleportation.
The yak gores you. The catoblepas gores you!! The cane toad misses you.
You spin and attack the catoblepas.
You hit the catoblepas but do no damage.
The catoblepas is moderately wounded.
The catoblepas gores you but does no damage.
You spin and attack the yak.
You punch the yak!
The yak is moderately wounded.
You spin and attack the catoblepas repeatedly.
You hit the catoblepas but do no damage.
The catoblepas is moderately wounded.
You hit the catoblepas.
The catoblepas is moderately wounded.
A nearby plant withers and dies.
The catoblepas gores you!!
* * * LOW HITPOINT WARNING * * *
The yak gores you but does no damage.
A bullfrog comes into view.
The catoblepas attacks as you move away!
The catoblepas gores you!
You die...

# #...~~~~~≈≈
#.#..~~~F~≈≈≈≈
.##.#....P~~P≈≈≈
.......P~P~≈≈≈≈
##....Y~~~~~~≈≈
#P.)...~~~SP~≈~
#....Y~~P~~~~P
#...FYY~~PPP~♣
#....h.####♣♣
#####..# # ##.#
#
#############.#
.
#.............#
#...######^P###
#.### #.P# ##..#
#.## #..## #.#


You could see a catoblepas, 3 yaks, a cane toad, a bullfrog and an electric eel.

Vanquished Creatures
  Josephine (D:10)
  Amaemon (D:11)
  An oklob plant (D:11)
  Joseph (D:7)
  An orange demon (Lair:1)
  A gargoyle (D:6)
  A cane toad (Lair:1)
  A kobold demonologist (D:9)
  A komodo dragon (D:10)
  A troll (D:11)
  The ghost of fedoskokos the Insei, an amateur DsSh (D:6)
  A shadow (D:11)
  3 wyverns
  6 wraiths
  2 vampires
  10 yaks
  2 vampire mosquitoes (D:11)
  A swamp worm (Lair:1)
  5 water moccasins
  2 acid dragons (D:11)
  5 orc warriors
  3 sky beasts
  4 black bears
  5 ice beasts
  An ogre (D:3)
  7 centaurs
  3 phantoms
  7 kobold brigands
  5 bullfrogs
  4 scorpions
  6 wights
  13 killer bees
  10 howler monkeys
  3 electric eels (D:10)
  A lava snake (D:8)
  4 hounds
  3 jellies
  3 gnoll boudas
  7 orc priests
  A sleepcap (D:6)
  Ijyb (D:3)
  5 iguanas
  15 orc wizards
  A mummy (D:5)
  19 gnolls
  9 adders
  A shadow imp (D:6)
  2 worms (D:2)
  2 dart slugs
  48 orcs
  4 endoplasms
  6 giant cockroaches
  4 goblins
  8 hobgoblins
  13 jackals
  43 kobolds
  6 quokkas
  3 ball pythons
  8 bats
  5 frilled lizards
  5 rats
  A spectral orc (D:11)
347 creatures vanquished.

Notes
Turn   | Place    | Note
-------+----------+-------------------------------------------
     0 | D:1      | MacCMillion the Merfolk Shapeshifter began the quest for
                  | the Orb.
     0 | D:1      | Reached XP level 1. HP: 15/15 MP: 1/1
   103 | D:1      | Found Bit Dike's Weapon Shop.
   117 | D:1      | Reached XP level 2. HP: 21/21 MP: 2/2
   221 | D:1      | Found Geasikh's Antique Armour Emporium.
   261 | D:1      | Found Ipreicim's Antique Armour Shop.
   638 | D:1      | Reached XP level 3. HP: 27/27 MP: 3/3
   939 | D:2      | Reached skill level 4 in Unarmed Combat
   946 | D:2      | Found a faded altar of an unknown god.
  1353 | D:2      | Reached XP level 4. HP: 34/34 MP: 4/4
  1451 | D:3      | Noticed an ogre
  1608 | D:3      | Killed an ogre
  1609 | D:3      | Reached skill level 5 in Unarmed Combat
  1609 | D:3      | Reached XP level 5. HP: 26/41 MP: 5/5
  1673 | D:3      | Noticed Ijyb
  1696 | D:3      | Killed Ijyb
  1787 | D:3      | Found a shadowy altar of Dithmenos.
  2008 | D:3      | Reached XP level 6. HP: 48/48 MP: 6/6
  2022 | D:3      | Found a shimmering blue altar of Sif Muna.
  2357 | D:4      | Reached skill level 6 in Unarmed Combat
  2742 | D:4      | Found a staircase to the Ecumenical Temple.
  2765 | Temple   | Entered the Ecumenical Temple
  2774 | Temple   | Became a worshipper of the Wu Jian Council
  2971 | D:4      | Reached skill level 7 in Unarmed Combat
  2971 | D:4      | Reached XP level 7. HP: 49/55 MP: 7/7
  3306 | D:4      | Reached skill level 5 in Fighting
  3438 | D:4      | Reached * piety under Wu Jian
  3448 | D:4      | Reached skill level 8 in Unarmed Combat
  3597 | D:4      | Reached XP level 8. HP: 60/64 MP: 8/8
  3720 | D:4      | Reached skill level 9 in Unarmed Combat
  4376 | D:4      | Found a staircase to the Ecumenical Temple.
  4581 | D:5      | Entered Level 5 of the Dungeon
  4581 | D:5      | Found a glowing silver altar of Zin.
  4597 | D:5      | Reached ** piety under Wu Jian
  4627 | D:5      | Reached skill level 10 in Unarmed Combat
  4867 | D:5      | Reached skill level 5 in Shapeshifting
  4870 | D:5      | Reached XP level 9. HP: 71/71 MP: 9/9
  4999 | D:5      | Found a snail-covered altar of Cheibriados.
  5143 | D:6      | Found a runed translucent door.
  5146 | D:6      | Noticed fedoskokos's ghost (amateur DsSh)
  5349 | D:6      | Reached skill level 5 in Dodging
  5941 | D:6      | Found a sparkling altar of Nemelex Xobeh.
  6310 | D:6      | Noticed a gargoyle
  6323 | D:6      | Killed a gargoyle
  6323 | D:6      | Reached *** piety under Wu Jian
  6558 | D:6      | Reached XP level 10. HP: 73/82 MP: 10/10
  7039 | D:6      | Killed fedoskokos's ghost
  7070 | D:7      | Found a hide-covered altar of Uskayaw.
  7158 | D:7      | Noticed Joseph
  7167 | D:7      | Killed Joseph
  7913 | D:7      | Found a burning altar of Makhleb.
  8919 | D:8      | Reached skill level 10 in Fighting
  9358 | D:8      | Found an iron altar of Okawaru.
  9647 | D:9      | Reached skill level 10 in Dodging
  9656 | D:9      | Found a basalt altar of Yredelemnul.
  9674 | D:9      | Reached **** piety under Wu Jian
 10025 | D:9      | Found a staircase to the Orcish Mines.
 10269 | D:9      | Reached skill level 11 in Unarmed Combat
 10423 | D:9      | Reached XP level 11. HP: 90/90 MP: 11/11
 11367 | D:10     | Entered Level 10 of the Dungeon
 11422 | D:10     | Reached skill level 12 in Unarmed Combat
 11881 | D:10     | Identified the +6 dagger of Plague {antimagic, *Rage rElec
                  | rPois Int+3}
 12499 | D:10     | Noticed Josephine
 12515 | D:10     | Killed Josephine
 13103 | D:11     | Reached skill level 13 in Unarmed Combat
 13210 | D:11     | Noticed an oklob plant
 13946 | D:11     | Found a basalt altar of Yredelemnul.
 14322 | D:11     | Found a staircase to the Lair.
 14340 | D:11     | Killed an oklob plant
 14521 | Lair:1   | Entered Level 1 of the Lair of Beasts
 14528 | Lair:1   | Noticed Amaemon
 14536 | Lair:1   | Reached XP level 12. HP: 73/97 MP: 12/12
 14703 | D:11     | Killed Amaemon
 14704 | D:11     | Reached skill level 14 in Unarmed Combat
 15220 | Lair:1   | Noticed a catoblepas
 15231 | Lair:1   | HP: 2/97 [catoblepas (30)]
 15232 | Lair:1   | Mangled by a catoblepas

Illustrated notes

Levels and vault maps discovered:
D:1:      saegor_arrival_simple_e, layout_basic, serial_shops, shop,
          nicolae_shop_stone, nicolae_shop_tiny_waterfront,
          chequers_serial_rivers_micro_e
D:2:      layout_loops_ring, ebering_ecumenical_altar_mist,
          minmay_misc_feat_five
D:3:      layout_basic, mainiacjoe_overflow_24_doors,
          nicolae_sif_muna_little_library, nicolae_twisty_statue_hallways,
          uniq_ijyb
D:4:      minmay_goblin_kobold_castle, layout_rooms, temple_fountains,
          minmay_misc_feat_room
D:5:      layout_cave_pools, slow_altar_2, mainiacjoe_overflow_boulevard
D:6:      minmay_polygon_palace, layout_basic, marbit_many_paths,
          ebering_ghost_sewer_d
D:7:      layout_loops_ring, nicolae_uskayaw_murder_on_the_dancefloor,
          mainiacjoe_overflow_brackets, sigmund_army, uniq_joseph
D:8:      layout_loops_ring, kennysheep_okawaru_gauntlet, kennysheep_minor_cross
D:9:      layout_roguey, mainiacjoe_overflow_six_doors_small,
          minmay_orc_entry_temple_small
D:10:     layout_basic, solitary_fountain, uniq_josephine
D:11:     layout_loops_ring, dpeg_oklobed_lair,
          yredelemnul_forgotten_temple_becter
Temple:   nicolae_temple_ecumenical_triangle
Lair:1:   layout_loops_ring, nicolae_volcano_entry_hallway, worms_lemuel,
          serial_bayou_shore_a, uniq_amaemon

Skill      XL: |  1  2  3  4  5  6  7  8  9 10 11 12 |
---------------+-------------------------------------+-----
Fighting       | 2 3 4 5 6 8 10 | 10.0
Unarmed Combat | 4 5 7 8 10 11 13 14 | 14.0
Dodging        | 4 7 10 12 13 | 13.1
Shapeshifting  | 5 7 8 |  8.2

Action                     |  1- 3 |  4- 6 |  7- 9 | 10-12 || total
---------------------------+-------+-------+-------+-------++-------
  Melee: Unarmed           |   110 |   112 |   301 |   454 ||   977
         Punch             |     2 |     6 |    14 |    29 ||    51
         Tailslap          |     2 |       |     3 |     7 ||    12
  Throw: Dart              |       |     2 |       |       ||     2
 Invoke: Serpent's Lash    |       |       |       |     1 ||     1
Ability: Lunge             |       |     1 |    31 |    59 ||    91
         Whirlwind         |       |       |     5 |    32 ||    37
    Use: Potion            |       |       |     1 |     3 ||     4
         Scroll            |       |       |       |    11 ||    11
 Armour: Animal skin       |    11 |       |       |       ||    11
         Chain mail        |    17 |    44 |    77 |    98 ||   236
         Skin              |       |       |    22 |       ||    22
  Dodge: Dodged            |    92 |    55 |    96 |   198 ||   441

Table legend: (Time is in decaauts)
 A = Elapsed time spent in this place.
 B = Non-inter-level travel time spent in this place.
 C = Inter-level travel time spent in this place.
 D = Time resting spent in this place.
 E = Time spent auto-exploring this place.
 F = Levels seen in this place.
 G = Mean time per level.
                   A        B        C        D        E       F      G
               +--------+--------+--------+--------+--------+-----+--------+
         Total |  14938 |  14631 |    307 |   4411 |   7604 |  13 | 1149.1 |
       Dungeon |  14810 |  14503 |    307 |   4411 |   7604 |  11 | 1346.4 |
        Temple |     18 |     18 |      0 |      0 |      0 |   1 |   18.0 |
          Lair |    109 |    109 |      0 |      0 |      0 |   1 |  109.0 |
               +--------+--------+--------+--------+--------+-----+--------+

Top non-repeatable levels by time:
    D:11: 2098 daAuts
     D:4: 2041 daAuts
     D:6: 1914 daAuts
     D:8: 1566 daAuts
    D:10: 1515 daAuts
     D:9: 1458 daAuts
     D:7: 1319 daAuts
     D:3: 905 daAuts
     D:1: 786 daAuts
     D:2: 658 daAuts
     D:5: 544 daAuts
  Lair:1: 109 daAuts
  Temple: 18 daAuts
